 Dungeon Crawl Stone Soup version 0.26-a0-639-g72c4674329 (webtiles) character file.

Game seed: 6270939870008376700

27 Alarkh the Insei (level 2, 23/23 HPs)
             Began as a Demonspawn Gladiator on Sept 17, 2020.
             Got out of the dungeon alive.
             The game lasted 00:00:36 (928 turns).

Alarkh the Insei (Demonspawn Gladiator)              Turns: 928, Time: 00:00:36

Health: 23/23      AC:  5    Str: 14    XL:     2   Next: 93%
Magic:  2/2        EV: 12    Int:  9    God:
Gold:   112        SH:  0    Dex: 14    Spells: 1/1 levels left

rFire    . . .     SeeInvis .     - Unarmed
rCold    + . .     Faith    .   (no shield)
rNeg     . . .     Spirit   .   a - +0 leather armour
rPois    .         Reflect  .   e - +1 helmet
rElec    .         Harm     .   (no cloak)
rCorr    .         Rampage  .   (no gloves)
MR       .....                  (no boots)
Stlth    +.........             (no amulet)
HPRegen  0.07/turn              (no ring)
MPRegen  0.08/turn              (no ring)

@: no status effects
A: cold resistance 1
a: no special abilities


You escaped.
You visited 1 branch of the dungeon, and saw 1 of its levels.

You collected 112 gold pieces.

Inventory:

Missiles
 c - 3 throwing nets (quivered)
Armour
 a - a +0 leather armour (worn)
 b - a +0 helmet
 e - a +1 helmet (worn)
Scrolls
 h - a scroll of teleportation {unknown}
 i - a scroll of enchant weapon {unknown}
 j - a scroll of identify {unknown}
 m - a scroll of amnesia {unknown}
Potions
 d - a potion of cancellation {unknown}
 f - 2 potions of curing {unknown}
 g - a potion of heal wounds {unknown}
 k - a potion of haste {unknown}
 l - a potion of stabbing {unknown}


   Skills:
 + Level 2.5 Fighting
 - Level 1.7 Throwing
 - Level 2.6 Dodging
 * Level 3.5 Unarmed Combat


You had one spell level left.
You didn't know any spells.
Your spell library was empty.

Dungeon Overview and Level Annotations

Branches:
Dungeon (1/15)

Altars:


Innate Abilities, Weirdness & Mutations

Your flesh is cold resistant. (rC+)


Message History

Found a stone staircase leading down.
There is a stone staircase leading down here.
You now have 112 gold pieces (gained 17).
Found a mace.
You see here a mace.
Found 15 arrows.
No target in view!
You see here 15 arrows.
You see here a mace.
Partly explored, can't reach some items.
Partly explored, can't reach some items.
Partly explored, can't reach some items.
(D) Dungeon
Where to? (? - help)
Okay, then.
You can't go up here!
Unknown command.
There is a staircase leading out of the dungeon here.
Are you sure you want to leave the Dungeon?
This will make you lose the game!
You have escaped!

.......#### #§§≈)≈≈.##........#
#.###....# #§≈§>≈≈.##.#####..#
#.###....# #.§≈§≈§.##.#...#..#
....#....# #.§≈§≈§.##.#.#.#..#
#.#.#....# #..≈≈≈..##.#.#.#(.#
#...#....# #.......##.#.#.#..#
##.......# #.......##.#.#.#..#
.#..#....# #.......##.#.#.#..#
.##.#....# ##..@..###.#.#.#..###
.##......#############.#.#.#.....
.##..........# #...#.#.........
.##..........# #.#.#.###.#(####
..#..........# #.#.......#.#
..#..÷.......#####.###.#####.#
..#....................# #.#
..###.÷#####.......##### #.#
.(....>#####.......##### #.#


There were no monsters in sight!

Vanquished Creatures
  A dart slug (D:1)
  2 leopard geckos (D:1)
  4 bats (D:1)
  3 goblins (D:1)
  2 hobgoblins (D:1)
  6 kobolds (D:1)
  2 rats (D:1)
20 creatures vanquished.

Notes
Turn   | Place    | Note
-------+----------+-------------------------------------------
     0 | D:1      | Alarkh the Demonspawn Gladiator began the quest for the
                  | Orb.
     0 | D:1      | Reached XP level 1. HP: 16/16 MP: 1/1
    89 | D:1      | Reached skill level 3 in Unarmed Combat
   162 | D:1      | Gained mutation: Your flesh is cold resistant. (rC+)
                  | [demonic ancestry]
   162 | D:1      | Reached XP level 2. HP: 17/22 MP: 2/2
   928 | D:$      | Got out of the dungeon alive.

Illustrated notes

Levels and vault maps discovered:
D:1:      lemuel_arrival_lava_pool, layout_basic, grunt_decor_one_mirror,
          minmay_tall_x

Skill      XL: |  1 |
---------------+----+-----
Unarmed Combat | 3 |  3.5
Fighting       | |  2.5
Throwing       | |  1.7
Dodging        | |  2.6

Action                   || total
-------------------------++-------
Melee: Unarmed           ||    68
       Punch             ||     1
Armor: Leather armour    ||    17
Dodge: Dodged            ||    44

Table legend: (Time is in decaauts)
 A = Elapsed time spent in this place.
 B = Non-inter-level travel time spent in this place.
 C = Inter-level travel time spent in this place.
 D = Time resting spent in this place.
 E = Time spent auto-exploring this place.
 F = Levels seen in this place.
 G = Mean time per level.
                   A        B        C        D        E       F      G
               +--------+--------+--------+--------+--------+-----+--------+
         Total |    923 |    855 |     68 |      0 |    712 |   1 |  923.0 |
       Dungeon |    923 |    855 |     68 |      0 |    712 |   1 |  923.0 |
               +--------+--------+--------+--------+--------+-----+--------+

Top non-repeatable levels by time:
     D:1: 923 daAuts
